Map: Whispers of Gold

Players

Valjean - Winner!

  • Race: Protoss Protoss
  • League: Silver
  • Spawn Location: 5:00

WeAreLegion

  • Race: Terran Terran
  • League: Silver
  • Spawn Location: 9:00

VOD

Have the link to the VOD?

Description

Time

  • Played on: Dec. 9, 2024, 8:59 p.m.
  • Length: 14:15
Show
View Real Time Build Order
Export as new Build Order

Valjean Protoss - Winner!

Build Orders: Oracle Opening, Carriers 

Get SALT Encoding   

  12  0:03  Probe  
  13  0:15  Probe  
  14  0:22  Pylon  
  14  0:27  Probe  
  15  0:36  Assimilator  
  15  0:39  Assimilator, Probe  
  16  0:47  Probe  
  16  0:55  Gateway  
  17  1:03  Pylon  
  17  1:08  Probe  
  18  1:20  Probe  
  19  1:41  Zealot  
  21  1:55  Cybernetics Core  
  21  2:00  Pylon  
  21  2:02  Probe  
  22  2:12  Zealot  
  22  2:14  Probe  
  25  2:26  Probe  
  26  2:34  Stargate  
  26  2:38  Probe  
  26  2:39  Pylon  
  27  2:56  Nexus  
  27  3:13  Stalker  
  27  3:18  Oracle  
  31  3:36  Probe  
  32  3:44  Assimilator  
  32  3:48  Assimilator  
  32  3:49  Probe  
  33  4:01  Oracle  
  33  4:17  Probe x2  
  38  4:29  Probe x2  
  40  4:41  Probe  
  46  5:07  Probe x2  
  46  5:08  Void Ray  
  46  5:12  Stargate  
  47  5:16  Fleet Beacon  
  47  5:19  Probe x2  
  49  5:31  Probe x2  
  48  5:43  Probe x2  
  51  5:51  Void Ray  
  51  5:55  Probe  
  52  5:58  Carrier  
  58  6:08  Protoss Air Weapons Level 1  
  58  6:12  Flux Vanes  
  58  6:18  Probe x2  
  60  6:30  Probe x2  
  60  6:31  Nexus  
  62  6:34  Pylon  
  62  6:36  Carrier  
  62  6:38  Assimilator  
  62  6:42  Assimilator  
  62  6:48  Pylon  
  62  6:52  Pylon  
  68  7:06  Carrier  
  74  7:24  Probe  
  74  7:26  Carrier  
  75  7:41  Forge  
  81  7:46  Pylon  
  81  8:05  Carrier  
  81  8:07  Probe x2  
  89  8:15  Probe  
  89  8:17  Protoss Air Armor Level 1  
  89  8:19  Probe x2  
  92  8:27  Probe  
  93  8:31  Probe x2, Carrier  
  89  9:09  Carrier  
  93  9:14  Probe x3  
  96  9:24  Stargate  
  96  9:26  Pylon, Probe x3  
  96  9:28  Pylon  
  99  9:34  Pylon  
  99  9:38  Probe x3  
  102  9:50  Probe x3  
  105  9:58  Carrier  
  111  10:01  Stargate  
  111  10:02  Probe x2  
  111  10:03  Probe  
  111  10:04  Pylon  
  111  10:06  Pylon  
  114  10:10  Carrier  
  114  10:13  Carrier  
  126  10:14  Probe  
  127  11:02  Carrier  
  133  11:14  Carrier  
  133  11:17  Carrier  
  145  11:56  Pylon  
  145  11:59  Carrier, Pylon  
  148  12:02  Pylon  
  148  12:05  Photon Cannon  
  148  12:07  Photon Cannon  
  145  12:10  Photon Cannon  
  145  12:13  Photon Cannon  
  145  12:14  Carrier  
  145  12:18  Carrier  
  145  12:22  Carrier  
  152  12:39  Probe  
  152  12:42  Probe x2  
  155  12:52  Probe  
  155  12:54  Probe x2  
  158  13:04  Probe  
  159  13:06  Probe x2  
  159  13:10  Robotics Facility  
  161  13:16  Probe  
  161  13:18  Probe x2  
  164  13:28  Assimilator, Probe  
  165  13:44  Pylon  
  165  13:45  Pylon  
  165  13:51  Pylon  
Show
View Real Time Build Order
Export as new Build Order

WeAreLegion Terran 

Build Orders: Reaper Expand 

Get SALT Encoding   

  12  0:00  SCV  
  13  0:12  SCV  
  14  0:18  Supply Depot  
  14  0:24  SCV  
  15  0:39  SCV  
  15  0:41  Barracks  
  16  0:46  Refinery  
  16  0:51  SCV  
  17  1:04  SCV  
  18  1:16  SCV  
  19  1:28  Orbital Command  
  19  1:33  Reaper  
  20  1:44  Command Center  
  20  1:53  Supply Depot  
  20  1:56  SCV  
  21  2:12  Marine  
  22  2:17  SCV, Factory  
  23  2:27  Refinery  
  23  2:29  SCV  
  24  2:38  Barracks Reactor  
  24  2:41  SCV  
  25  2:54  SCV  
  26  3:02  Starport  
  26  3:04  Hellion  
  28  3:06  SCV  
  29  3:24  SCV x2  
  31  3:36  SCV  
  31  3:37  Orbital Command  
  31  3:39  Medivac  
  31  3:40  Widow Mine  
  36  3:53  Engineering Bay  
  36  3:57  Supply Depot  
  36  3:59  SCV  
  37  4:03  Marine x2  
  37  4:09  SCV  
  40  4:11  SCV  
  40  4:14  Widow Mine  
  43  4:21  SCV, Marine x2  
  43  4:23  SCV  
  45  4:32  Barracks  
  45  4:33  SCV, Barracks  
  41  4:39  Marine x2  
  37  4:56  SCV x2  
  37  4:57  Marine x2  
  41  5:08  SCV x2  
  43  5:14  Marine  
  43  5:15  Marine  
  43  5:18  Missile Turret  
  43  5:20  SCV x2, Factory Tech Lab  
  47  5:28  Missile Turret  
  47  5:32  SCV x2, Marine x2  
  47  5:34  Starport Reactor  
  51  5:48  Siege Tank  
  51  5:49  Barracks Reactor  
  54  5:50  Barracks Tech Lab  
  54  5:56  Refinery  
  54  6:05  Supply Depot  
  54  6:06  Supply Depot  
  54  6:07  Supply Depot  
  54  6:11  Stimpack  
  54  6:20  Refinery  
  54  6:26  SCV x2, Marine x2  
  54  6:27  Marine x2  
  54  6:28  Marine  
  54  6:32  Siege Tank  
  64  6:36  Medivac  
  64  6:38  SCV x2  
  64  6:39  Medivac  
  70  6:44  Marine x2  
  70  6:45  Marine x3, Starport  
  75  6:50  SCV x2  
  77  6:56  Starport  
  77  7:02  SCV  
  77  7:04  Armory  
  78  7:23  Supply Depot  
  78  7:24  Supply Depot, Terran Infantry Weapons Level 1  
  78  7:26  Starport Tech Lab  
  78  7:29  Starport Reactor  
  78  7:34  Starport Reactor  
  78  7:45  SCV, Marine x5, Viking  
  78  7:47  Supply Depot  
  78  7:48  Supply Depot  
  86  7:55  Terran Ship Weapons Level 1  
  86  8:01  Viking  
  86  8:02  Marine x4  
  86  8:03  Marauder  
  94  8:14  SCV x2  
  96  8:20  Marine x3  
  96  8:24  Marauder  
  96  8:26  SCV x2  
  103  8:36  Marine  
  103  8:38  Siege Tank, Marine x3  
  102  8:46  Marauder  
  102  8:47  Viking x2  
  106  8:49  Viking  
  108  9:07  Marauder  
  110  9:25  Command Center  
  110  9:26  Command Center  
  110  9:29  Marauder  
  110  9:30  Terran Infantry Weapons Level 2  
  112  9:33  Engineering Bay  
  112  9:41  Armory  
  112  9:42  Marine x2  
  112  9:43  Marine  
  115  9:53  Marine x2  
  117  10:00  Marine  
  111  10:46  Supply Depot  
  111  10:47  Supply Depot  
  111  10:48  Supply Depot  
  111  10:49  Supply Depot x2  
  95  10:51  Supply Depot  
  95  11:10  Viking x5  
  98  11:22  Viking  
  86  11:54  Supply Depot  
  86  11:55  Supply Depot, Terran Infantry Armor Level 1  
  86  11:56  Supply Depot x2  
  86  11:57  Supply Depot  
  86  11:58  Supply Depot, Terran Ship Weapons Level 2  
  86  12:16  SCV x2, Viking  
  86  12:17  Viking  
  91  12:28  SCV x2  
  86  12:33  Starport Reactor  
  84  12:40  SCV x2  
  84  12:41  Starport x2  
  86  12:47  Marine x3  
  86  12:48  Marine x2  
  91  13:04  Missile Turret  
  91  13:05  Marine, Missile Turret x2  
  91  13:06  Marauder  
  94  13:13  Supply Depot  
  94  13:19  SCV x2  
  96  13:28  Orbital Command, Marauder  
  96  13:31  SCV x2  
  100  13:35  Supply Depot  
  98  13:43  SCV x2  
  94  13:49  Marauder  
Tags
 
Add a new tag
Caveats
  • Supply blocks, unpowered buildings, or Contaminate may cause inaccurate times.
  • Supply counts are checked every 10 seconds.